 Dungeon Crawl Stone Soup version 0.31.0-4-g52a2dc7128 (webtiles) character file.

Game seed: 17480570973967172762

119 Arctor the Shooter (level 5, 0/31 HPs)
             Began as a Kobold Hexslinger on Jan 22, 2024.
             Slain by an orc
             ... wielding a +0 war axe
              (8 damage)
             ... on level 2 of the Dungeon.
             The game lasted 00:01:57 (2165 turns).

Arctor the Shooter (Kobold Hexslinger)              Turns: 2165, Time: 00:01:58

Health: 0/31       AC:  2    Str:  5    XL:     5   Next: 24%
Magic:  7/8        EV: 16    Int: 15    God:
Gold:   114        SH:  0    Dex: 19    Spells: 3/8 levels left

rFire   . . .        a - +1 sling
rCold   . . .        (no shield)
rNeg    . . .        c - +0 robe
rPois   .            (no helmet)
rElec   .            (no cloak)
rCorr   .            (no gloves)
SInv    .            (no boots)
Will    .....        (no amulet)
Stlth   +++          (no ring)
HPRegen 0.25/turn    (no ring)
MPRegen 0.11/turn

%: no passive effects
@: weak-willed
A: small, no large weapons, nightstalker 3
a: no special abilities


You were on level 2 of the Dungeon.
You visited 1 branch of the dungeon, and saw 3 of its levels.

You collected 114 gold pieces.

Inventory:

Hand Weapons
 a - a +1 sling (weapon)
Armour
 c - a +0 robe (worn)
Wands
 j - a wand of flame (15)
Scrolls
 b - a scroll of poison
 d - a scroll of fear {unknown}
 i - a scroll of teleportation {unknown}
Potions
 e - 4 potions of curing {unknown}
 f - a potion of cancellation {unknown}
 g - a potion of enlightenment {unknown}
 h - a potion of brilliance {unknown}


   Skills:
 + Level 2.3 Fighting
 + Level 3.8 Ranged Weapons
 + Level 3.3 Dodging
 + Level 2.1 Spellcasting
 + Level 3.5 Hexes
 - Level 1.4 Fire Magic


You had 3 spell levels left.
You knew the following spells:

 Your Spells              Type           Power      Damage    Failure   Level
a - Jinxbite              Hex            24%        N/A       8%          2
b - Sigil of Binding      Hex            12%        N/A       16%         3

Your spell library contained the following spells:

 Spells                   Type           Power      Damage    Failure   Level
 Inner Flame              Hex/Fire       9%         N/A       24%         3
 Cause Fear               Hex            6%         N/A       45%         4
 Dimensional Bullseye     Hex/Tloc       3%         N/A       71%         4


Dungeon Overview and Level Annotations

Branches:
Dungeon (3/15)

Altars:

Shops:
D:1 (


Innate Abilities, Weirdness & Mutations

You are small and have problems with some larger weapons.
You are completely attuned to the shadows.


Message History

The sling bullet closely misses the gnoll.
A giggling sprite leaps out and doodles on the gnoll's face.
The gnoll is severely wounded.
The gnoll hits you with a +0 whip. The gnoll completely misses you.
You shoot a sling bullet. The sling bullet hits the gnoll.
You kill the gnoll!
You hear a shout!
The gnoll misses you.
An orc comes into view. It is wielding a +0 war axe.
You shoot a sling bullet. The sling bullet hits the gnoll.
The gnoll is moderately wounded.
A giggling sprite leaps out and smacks the gnoll with its own hand.
The gnoll is heavily wounded.
The jinxing sprites lose interest in you.
The gnoll hits you from afar with a +0 spear.
The gnoll barely misses you.
You shoot a sling bullet. The sling bullet hits the gnoll!
The gnoll is almost dead.
The gnoll misses you.
You shoot a sling bullet.
The sling bullet closely misses the orc.
The gnoll seems less drained.
The gnoll hits you from afar with a +0 spear.
The orc misses you.
You shoot a sling bullet.
The sling bullet closely misses the orc.
The gnoll closely misses you. The orc hits you with a +0 war axe!
The gnoll hits you from afar with a +0 spear!
* * * LOW HITPOINT WARNING * * *
The orc hits you with a +0 war axe.
* * * LOW HITPOINT WARNING * * *
You climb upwards.
There is a stone staircase leading down, spattered with blood here.
You shoot a sling bullet.
The sling bullet closely misses the orc.
The orc closely misses you.
You shoot a sling bullet. The sling bullet hits the orc.
The orc is lightly wounded.
The orc barely misses you. The orc hits you with a +0 war axe!
You die...

#.##### #.#.# #.###...## #.#
#.#.# #.# ##### #.#######.#.#
#.# #>##...<..#.# #.# #####
#.##.####)#.# #.####...#
#.##.# #.#.## #........#
#.##.# #....############...#
#....####.......)..g.[.....##
#..........)@######..#####...
#..########o## #.......##.##
#..# #.# #............
#..########.## #....).......
#....).......# #............
##.########..# #..).........
#.########..# #)...........
#.##........####............
#.##.######.......<.........


You could see an orc.

Vanquished Creatures
  Terence (D:2)
  Robin (D:2)
  2 gnolls
  A ribbon worm (D:2)
  2 endoplasms (D:1)
  3 giant cockroaches (D:1)
  13 goblins
  5 hobgoblins
  7 jackals (D:1)
  3 quokkas
  3 ball pythons (D:2)
  4 bats
  2 frilled lizards
  3 kobolds
  6 rats
56 creatures vanquished.

Notes
Turn   | Place    | Note
-------+----------+-------------------------------------------
     0 | D:1      | Arctor the Kobold Hexslinger began the quest for the Orb.
     0 | D:1      | Reached XP level 1. HP: 12/12 MP: 2/2
   198 | D:1      | Found Ongu's Antique Weapon Boutique.
   350 | D:1      | Reached XP level 2. HP: 16/16 MP: 3/3
   353 | D:1      | Learned a level 2 spell: Jinxbite
   581 | D:1      | Reached XP level 3. HP: 20/20 MP: 5/5
  1334 | D:2      | Learned a level 3 spell: Sigil of Binding
  1335 | D:2      | Noticed Robin
  1350 | D:2      | Reached XP level 4. HP: 16/26 MP: 1/6
  1437 | D:2      | Killed Robin
  1649 | D:2      | Found Biytyran's Jewellery Emporium.
  1724 | D:2      | Noticed Terence
  1732 | D:2      | Killed Terence
  1922 | D:2      | Reached XP level 5. HP: 30/30 MP: 8/8
  2165 | D:2      | Slain by an orc

Illustrated notes

Levels and vault maps discovered:
D:1:      dpeg_arrival_lava_temple_mockup, layout_basic, serial_shops,
          nicolae_shop_hallway_plus
D:2:      layout_loops_ring, serial_shops, shop, uniq_terence, uniq_robin
D:3:      layout_basic, nemelex_spade_bored_becter,
          shapermc_ecumenical_altar_hornbeckon, grunt_ministairs_13

Skill      XL: |  1  2  3  4 |
---------------+-------------+-----
Ranged Weapons | 3 |  3.8
Dodging        | 3 |  3.3
Fighting       | 2 |  2.3
Spellcasting   | 2 |  2.1
Hexes          | |  3.5
Fire Magic     | |  1.4

Action                     |  1- 3 |  4- 6 || total
---------------------------+-------+-------++-------
   Fire: Sling             |   104 |    49 ||   153
   Cast: Jinxbite          |     3 |     6 ||     9
 Armour: Robe              |    27 |    25 ||    52
  Dodge: Dodged            |    64 |    59 ||   123
